 Dungeon Crawl Stone Soup version 0.28.0-45-g0d030f2227 (webtiles) character file.

Game seed: 1981622869493176714

123 Saba the Shooter (level 5, 0/32 HPs)
             Began as a Gargoyle Hunter on Apr 8, 2022.
             Slain by a black bear (3 damage)
             ... on level 4 of the Dungeon.
             The game lasted 00:03:46 (3324 turns).

Saba the Shooter (Gargoyle Hunter)                  Turns: 3324, Time: 00:03:46

Health: 0/32       AC:  7    Str: 16 (18) XL:     5   Next: 7%
Magic:  5/5        EV: 26    Int:  9 (11) God:
Gold:   92         SH:  0    Dex:  7 (10) Spells: 4/4 levels left

rFire   . . .      SeeInvis .   a - +1 shortbow
rCold   . . .      Faith    .   (shield currently unavailable)
rNeg    + . .      Spirit   .   c - +0 leather armour
rPois   ∞          Reflect  .   (no helmet)
rElec   +          Harm     .   (no cloak)
rCorr   .          Rampage  .   (no gloves)
Will    .....                   (no boots)
Stlth   +.........              b - amulet of the acrobat
HPRegen 0.10/turn               (no ring)
MPRegen 0.09/turn               (no ring)

@: mighty, acrobatic
A: sickness immunity, AC +4, negative energy resistance 1, electricity
resistance, torment resistance 1, petrification resistance
a: no special abilities


You were on level 4 of the Dungeon.
You visited 1 branch of the dungeon, and saw 4 of its levels.

You collected 92 gold pieces.

Inventory:

Hand Weapons
 a - a +1 shortbow (weapon)
 v - a +0 trident
Missiles
 d - 18 arrows (quivered ammo)
Armour
 c - a +0 leather armour (worn)
 i - a +0 buckler
Jewellery
 b - an amulet of the acrobat (around neck)
 g - a ring of ice
Scrolls
 e - a scroll of immolation {unknown}
 h - a scroll of magic mapping {unknown}
 j - a scroll of acquirement {unknown}
 l - a scroll of teleportation {unknown}
 o - a scroll of enchant armour {unknown}
 q - 2 scrolls of blinking {unknown}
 r - 2 scrolls of identify {unknown}
 s - 3 scrolls of brand weapon {unknown}
Potions
 m - 4 potions of curing
 u - a potion of haste {unknown}


   Skills:
 + Level 3.2 Fighting
 + Level 4.5 Bows
 + Level 2.1 Armour
 + Level 2.3 Dodging
 - Level 1.1 Stealth
 + Level 1.4 Shields


You had 4 spell levels left.
You didn't know any spells.
Your spell library was empty.

Dungeon Overview and Level Annotations

Branches:
Dungeon (4/15)
 Temple: D:4-7

Altars:


Innate Abilities, Weirdness & Mutations

You are immune to sickness and miasma.
Your stone body is resilient. (AC +4)
You are immune to poison.
You resist negative energy. (rN+)
You are resistant to electric shocks. (rElec)
You are resistant to unholy torment.
You are immune to petrification.


Message History

You continue taking off your +0 buckler.
The black bear bites you but does no damage.
The black bear barely misses you. x2
You finish taking off your +0 buckler.
a - a +1 shortbow (weapon)
Fire: 20 arrows
Press: ? - help, Q - select action Shift-Dir - straight line, f - black bear
Aim: a black bear (lightly wounded, 68% to hit)
You shoot an arrow. The arrow barely misses the black bear.
The black bear bites you.
The black bear claws you but does no damage.
The black bear claws you.
Fire: 19 arrows
Press: ? - help, Q - select action Shift-Dir - straight line, f/p - black bear
Aim: a black bear (lightly wounded, 68% to hit)
You shoot an arrow. The arrow barely misses the black bear.
The black bear barely misses you. x2; The black bear claws you.
* * * LOW HITPOINT WARNING * * *
Okay, then.
It was a potion of degeneration.
There was something very wrong with that liquid.
You feel weakened.
You feel dopey.
You feel clumsy. The black bear bites you.
* * * LOW HITPOINT WARNING * * *
The black bear claws you.
* * * LOW HITPOINT WARNING * * *
The black bear misses you.
It was a potion of might.
You feel very mighty all of a sudden.
The black bear bites you but does no damage.
The black bear claws you but does no damage. x2
The black bear closely misses you. The black bear completely misses you.
The black bear closely misses you.
There is an open door, spattered with blood here.
You see here 13 gold pieces.
You open the door. The black bear bites you.
* * * LOW HITPOINT WARNING * * *
The black bear claws you.
You die...

.....# .. ....## .. .#### #. .#
#. # .# #.######## # .##
######### #...)....# ### ..##
##...$...## #...####.# #..
...####.........###....###.####..
>.....'....$...h@................
...####.......$(####.......######
#.######.......## ##.#.#### #
##...# ##.....## ###.# # ...#.#
##...## #.# # ##...# ##+## #.# #
##.## #.# #.# #.# #.######## #.#
#.# ##........# #.#


You could see a black bear.

Vanquished Creatures
  A bullfrog zombie (D:3)
  3 adders
  A worm (D:2)
  2 dart slugs
  3 ball pythons
  8 bats
  5 endoplasms
  A giant cockroach (D:3)
  4 hobgoblins
  6 jackals
  2 quokkas (D:1)
  4 frilled lizards (D:1)
  7 goblins
  3 kobolds
  2 rats (D:1)
52 creatures vanquished.

Notes
Turn   | Place    | Note
-------+----------+-------------------------------------------
     0 | D:1      | Saba the Gargoyle Hunter began the quest for the Orb.
     0 | D:1      | Reached XP level 1. HP: 12/12 MP: 1/1
   201 | D:1      | Reached XP level 2. HP: 18/18 MP: 2/2
   668 | D:1      | Reached skill level 1 in Armour
  1096 | D:1      | Found a faded altar of an unknown god.
  1186 | D:1      | Reached XP level 3. HP: 22/22 MP: 3/3
  2244 | D:3      | Reached XP level 4. HP: 20/27 MP: 4/4
  2359 | D:3      | Reached skill level 1 in Shields
  2912 | D:3      | Reached XP level 5. HP: 32/32 MP: 5/5
  3113 | D:4      | Noticed a black bear
  3324 | D:4      | Slain by a black bear

Illustrated notes

Levels and vault maps discovered:
D:1:      lightli_arrival_statuegarden, layout_basic,
          ebering_ecumenical_altar_ruins
D:2:      layout_loops_corners, chequers_avenue
D:3:      layout_rooms, minmay_hedge_maze
D:4:      layout_loops_corners, serial_shops, shop_statue, minmay_crystal_room,
          minmay_tree_intersection

Skill      XL: |  1  2  3  4 |
---------------+-------------+-----
Armour         | 1 2 |  2.1
Dodging        | 2 |  2.3
Shields        | 1 |  1.4
Fighting       | 3 |  3.2
Bows           | |  4.5
Stealth        | |  1.1

Action                   |  1- 3 |  4- 6 || total
-------------------------+-------+-------++-------
Melee: Short sword       |    88 |       ||    88
       Punch             |     1 |       ||     1
       Spear             |    62 |    67 ||   129
       Trident           |       |     9 ||     9
 Fire: Shortbow          |       |     2 ||     2
  Use: Potion            |       |     5 ||     5
 Stab: Sleeping          |     3 |     3 ||     6
Armor: Leather armour    |    61 |    39 ||   100
Dodge: Dodged            |    93 |    71 ||   164
Block: Buckler           |    11 |    12 ||    23
